 Dungeon Crawl Stone Soup version 0.20-a0-785-g17250f0 (webtiles) character file.

271212 JNO the Tortoise (level 19, -5/146 HPs)
             Began as a Minotaur Fighter on Feb 24, 2017.
             Was the Champion of Makhleb.
             Slain by a vault warden
             ... wielding a +0 halberd
              (15 damage)
             ... on level 4 of the Vaults on Feb 27, 2017.
             The game lasted 04:43:56 (43072 turns).

JNO the Tortoise (Minotaur Fighter)                Turns: 43072, Time: 04:43:57

Health: -5/146     AC: 31    Str: 37    XL:     19   Next: 83%
Magic:  24/24      EV: 16    Int:  9    God:    Makhleb [******]
Gold:   3038       SH: 18    Dex: 19    Spells: 18/18 levels left

rFire    + + +     SeeInvis +   E - +6 mace of Uheball {drain, +Rage rN+}
rCold    + . .     Gourm    +   c - +5 plate armour "Wynt" {Int+4 Stlth+}
rNeg     + . .     Faith    .   h - +2 shield {AC+3}
rPois    +         Spirit   .   l - +1 hat {Int+3}
rElec    +         Reflect  .   C - +1 cloak {rPois}
rCorr    +         Harm     .   n - +0 pair of gloves
MR       ++++.                  N - +0 pair of boots of Filth {*Contam rElec Str+4 Int+4}
Stlth    ..........             Z - amulet of the gourmand
Regen    0.4/turn               A - ring of Niom Xof {rElec MR+++ Str+2 Int-2 SInv}
MPRegen  0.2/turn               w - ring "Xoen" {rPois rF++ Str+4 Int-5}

@: mighty, silence, resistant, very slightly contaminated, hasted, drained, very
quick
A: retaliatory headbutt, claws 1, horns 2, talons 1, rugged brown scales 1,
yellow scales 1, agile 1, deformed body, frail 2, low mp 1, subdued magic 2
}: 1/15 runes: serpentine
a: Renounce Religion, Evoke Berserk Rage


You were on level 4 of the Vaults.
You worshipped Makhleb.
Makhleb was exalted by your worship.
You were very full.

You visited 6 branches of the dungeon, and saw 32 of its levels.
You also visited: Ossuary.

You collected 4255 gold pieces.
You spent 1217 gold pieces at shops.

Inventory:

Hand Weapons
 E - the +6 mace of Uheball (weapon) {drain, +Rage rN+}
   (You found it on level 6 of the Dungeon)

   A truly terrible weapon, it drains the life of those it strikes.
   It protects you from negative energy.
   It lets you go berserk.
Missiles
 a - 5 needles of sleeping
 t - 2 throwing nets
 M - 50 tomahawks
 O - 2 tomahawks of returning (quivered)
Armour
 c - the +5 plate armour "Wynt" (worn) {Int+4 Stlth+}
   (You found it on level 10 of the Dungeon)

   It affects your intelligence (+4).
   It makes you more stealthy.
 h - a +2 shield of protection (worn)
 l - a +1 hat of intelligence (worn)
 n - a +0 pair of gloves (worn)
 u - a scarf of cold resistance
 z - +0 storm dragon scales
 C - a +1 cloak of poison resistance (worn)
 N - the +0 pair of boots of Filth (worn) {*Contam rElec Str+4 Int+4}
   (You found it on level 3 of the Lair of Beasts)

   It affects your strength (+4).
   It affects your intelligence (+4).
   It insulates you from electricity.
   It causes magical contamination when unequipped.
Jewellery
 d - an uncursed ring of protection from cold
 f - an uncursed amulet of harm
 w - the ring "Xoen" (left hand) {rPois rF++ Str+4 Int-5}
   (You bought it in a shop on level 1 of the Orcish Mines)

   [ring of poison resistance]

   It affects your strength (+4).
   It affects your intelligence (-5).
   It greatly protects you from fire.
   It protects you from poison.
 A - the ring of Niom Xof (right hand) {rElec MR+++ Str+2 Int-2 SInv}
   (You bought it in a shop on level 1 of the Orcish Mines)

   [ring of strength]

   It affects your strength (+2).
   It affects your intelligence (-2).
   It insulates you from electricity.
   It affects your resistance to hostile enchantments.
   It lets you see invisible.
 Q - an uncursed ring of positive energy
 Z - an amulet of the gourmand (around neck)
Wands
 b - a wand of enslavement (13/24)
 e - a wand of lightning (4/15)
 i - a wand of acid (6/15)
 F - a wand of enslavement (10/24)
 I - a wand of digging (15/24)
 V - a wand of paralysis (14/24)
Scrolls
 j - 14 scrolls of remove curse
 m - 3 scrolls of fog
 p - 3 scrolls of immolation
 r - 9 scrolls of teleportation
 s - 10 scrolls of identify
 y - 2 scrolls of summoning
 H - a scroll of holy word
 J - 7 scrolls of fear
 P - 3 scrolls of enchant weapon
 T - 7 scrolls of magic mapping
Potions
 g - 2 potions of resistance
 k - 6 potions of lignification
 q - 6 potions of flight
 x - a potion of berserk rage
 K - a potion of agility
 S - 3 potions of invisibility
Comestibles
 B - 5 royal jellies
 D - 4 bread rations
 G - 2 fruits
 L - 16 meat rations
 U - 2 chunks of flesh


   Skills:
 + Level 17.3(17.1) Fighting
 - Level 14.0(13.8) Maces & Flails
 + Level 14.1(13.9) Throwing
 + Level 18.3(18.0) Armour
 - Level 10.0(9.8) Dodging
 - Level 15.0(14.8) Shields
 - Level 12.3(12.2) Invocations
 - Level 12.4(12.2) Evocations


You had 18 spell levels left.
You didn't know any spells.

Dungeon Overview and Level Annotations

Branches:
Dungeon (15/15)            Temple (1/1) D:5            Lair (6/6) D:8
 Shoals (0/4) Lair:4        Snake (4/4) Lair:4        Slime (0/5) Lair:5
    Orc (2/2) D:12            Elf (0/3) Orc:2        Vaults (4/5) D:14
  Crypt (0/3) Vaults:2     Depths (0/5) D:15

Altars:
Ashenzari
Cheibriados
Dithmenos
Elyvilon
Fedhas
Gozag
Hepliaklqana
Kikubaaqudgha
Makhleb
Nemelex Xobeh
Okawaru
Qazlal
Ru
Sif Muna
Trog
Uskayaw
Vehumet
Wu Jian
Xom
Yredelemnul
Zin
The Shining One
Beogh
Jiyva

Shops:
D:9 !   D:11 (   D:15 :   Orc:1 =   Orc:2 [*([=   Vaults:4 (

Portals:
Trove: D:12 (give horn of Geryon)

Annotations:
Lair:2 exclusion: 2 oklob plants
Snake:2 exclusion: Roxanne, Roxanne


Innate Abilities, Weirdness & Mutations

You reflexively headbutt those who attack you in melee.
You have a pair of horns on your head.
You have sharp fingernails.
You have sharp toenails.
You are partially covered in rugged brown scales. (AC +1, +3% HP)
You are partially covered in yellow scales. (AC +2)
You are agile. (Dex +2)
Armour fits poorly on your strangely shaped body.
You are very frail. (-20% HP)
Your magical capacity is low. (-10% MP)
Your spells are easier to cast, but less powerful.


Message History

Okay, then.
You feel better.
The deep elf death mage hits you but does no damage.
The vault warden hits you but does no damage.
The deep elf knight hits you but does no damage.
The lich is lost in a daze.
You sock the ghostly deep elf death mage!
The ghostly deep elf death mage is severely damaged.
You block the ghostly deep elf death mage's attack.
The two-headed ogre hits you with a giant spiked club!
* * * LOW HITPOINT WARNING * * *
You block the two-headed ogre's attack.
You closely miss the ghostly deep elf death mage.
Your headbutt misses the ghostly deep elf death mage.
The ghostly deep elf death mage is severely damaged.
You block the deep elf knight's attack.
The deep elf death mage barely misses you.
You block the ironheart preserver's attack.
The vault warden hits you from afar with a halberd!
You die...

p..##..# ...p...
#c#..#.# .......
#.#..#.# .......
#..##..# .......
#..(...# .......
#.8....# .......
#####c####'#####
.......
#..Opc.##......#
#######
#e@LGO.##......#
......#
#eepOs.##......#
.))...#
#.eOs:.##......#
......#
#......##......#
......#
#......##......#
......#
#.$....##......#
......#
##'######......#
####'######..
... #......#
#......#..
#####'#####


You could see an ironheart preserver, a vault warden, a lich (dazed), a deep elf
death mage, a ghostly deep elf death mage, a great orb of eyes, a crystal
guardian, 2 two-headed ogres, an ogre mage, a deep elf knight (invisible), 2
yaktaurs, a deep elf mage, a jumping spider, a tarantella and an ogre.

Vanquished Creatures
  Nikola (Vaults:1)
  A tentacled monstrosity (Vaults:4)
  Jorgrun (Snake:2)
  Gastronok (D:12)
  Kirke (Lair:5)
  An ancient champion (Vaults:2)
  8 nagarajas
  A storm dragon (Vaults:2)
  A revenant (Vaults:2)
  2 frost giants (Vaults:4)
  2 deep elf sorcerers
  10 vault wardens
  11 ironheart preservers
  A stone giant (Vaults:3)
  The ghost of Uberwunderbarhen the Severer, a journeyman MiBe of Trog (Lair:6)
  8 very ugly things
  An ettin (Vaults:3)
  Snorg (D:10)
  11 ogre magi
  2 great orbs of eyes
  3 yaktaur captains
  An ice dragon (Vaults:1)
  7 vault guards
  3 rakshasas
  Erolcha (D:13)
  11 naga warriors
  The ghost of retryentry the Grappler, a journeyman DrTm of Cheibriados (D:10)
  Harold (Lair:1)
  7 hydras
  12 anacondas
  A death knight (Vaults:2)
  Erica (Lair:1)
  11 centaur warriors
  2 dancing weapons (D:14)
  3 tengu warriors (D:14)
  A deep troll shaman (Vaults:2)
  Urug (D:11)
  3 death yaks
  34 two-headed ogres
  2 deep troll earth magi
  6 orc high priests (Orc:2)
  2 deep elf knights (D:15)
  9 naga sharpshooters
  Nergalle (D:10)
  Sonja (D:14)
  8 shock serpents
  4 shadow wraiths
  4 salamander mystics (Snake:4)
  6 unseen horrors
  6 skeletal warriors (Vaults:2)
  A flayed ghost (Vaults:2)
  An obsidian statue (Vaults:1)
  2 phantasmal warriors (Vaults:2)
  10 naga ritualists
  16 deep trolls
  2 tengu zombies (Vaults:4)
  9 ironbrand convokers
  2 wizards (Vaults:1)
  3 necromancers
  2 deep elf archers (Vaults:2)
  A harpy (shapeshifter) (D:15)
  4 lindwurms (Snake:4)
  8 mana vipers
  16 orc knights
  3 harpies (Vaults:2)
  2 deep elf magi
  4 wolf spiders
  23 ugly things
  3 orc sorcerers
  4 cyclopes
  A tengu skeleton (Vaults:4)
  4 salamanders
  4 elephants (Lair:6)
  A merfolk siren (Lair:4)
  8 vault sentinels
  A stone giant skeleton (Vaults:4)
  7 guardian serpents
  2 torpor snails
  20 naga magi
  32 black mambas
  7 spiny frogs
  2 gargoyles
  A spiny frog (shapeshifter) (Vaults:3)
  18 yaktaurs
  A rime drake (Lair:3)
  A rime drake (shapeshifter) (D:13)
  9 komodo dragons
  7 freezing wraiths
  A yaktaur skeleton (Vaults:4)
  2 demonic crawlers
  A tengu conjurer (D:14)
  A queen bee (shapeshifter) (Vaults:1)
  A queen bee (Lair:3)
  2 trolls (shapeshifter)
  6 polar bears
  A tengu simulacrum (Vaults:4)
  3 merfolk (Lair:4)
  4 trolls
  A harpy skeleton (D:15)
  2 hornets
  39 blink frogs
  17 slime creatures
  4 hippogriffs
  A hippogriff (shapeshifter) (Vaults:3)
  3 human simulacra (Vaults:4)
  2 shadows
  A spriggan (Lair:2)
  Sigmund (D:2)
  3 hogs (D:8)
  A vampire (D:12)
  A wyvern (shapeshifter) (Vaults:4)
  4 wraiths
  30 yaks
  2 basilisks
  2 wyverns
  A human (D:8)
  A hungry ghost (D:7)
  A yaktaur simulacrum (Vaults:3)
  A steam dragon (Lair:4)
  Menkaure (D:7)
  4 vampire mosquitoes
  7 wargs
  36 nagas
  A soldier ant (D:15)
  An acid dragon (shapeshifter) (Vaults:3)
  2 acid dragons
  A floating eye (shapeshifter) (Vaults:2)
  7 porcupines
  15 water moccasins
  A black bear (Lair:2)
  6 ice beasts
  A sky beast (D:10)
  A black bear (shapeshifter) (Vaults:1)
  47 orc warriors
  A hornet zombie (D:13)
  2 elephant zombies (Lair:4)
  A swamp drake (shapeshifter) (Vaults:4)
  An eye of draining (D:14)
  4 boggarts (Vaults:2)
  A phantom (D:12)
  46 ogres
  15 wolves
  10 crocodiles
  19 centaurs
  2 big kobolds
  2 elf zombies (Ossuary)
  18 bullfrogs
  A wyvern zombie (D:6)
  A gnoll sergeant (D:9)
  A human skeleton (Vaults:4)
  5 scorpions
  23 killer bees
  13 wights
  3 electric eels (Lair:4)
  6 howler monkeys
  7 crimson imps
  2 centaur zombies
  4 bullfrog zombies
  8 hounds
  14 orc wizards
  2 quasits
  A bullfrog skeleton (D:9)
  A human zombie (Ossuary)
  34 orc priests
  2 jellies
  4 centaur skeletons
  10 iguanas
  12 worker ants
  Jessica (D:2)
  Natasha (thrice) (D:4)
  A big kobold zombie (Ossuary)
  A crocodile zombie (Lair:4)
  2 mummies (Ossuary)
  A worker ant zombie (D:9)
  Robin (D:2)
  3 gnolls (D:9)
  19 adders
  4 adder zombies
  An adder skeleton (D:4)
  2 worms
  A dart slug (D:2)
  9 leopard geckos
  117 orcs
  6 ball pythons
  5 giant cockroaches
  16 goblins
  9 hobgoblins
  17 jackals
  5 quokkas
  7 bats
  9 frilled lizards
  10 hobgoblin zombies (Ossuary)
  2 jackal zombies (Ossuary)
  16 kobolds
  6 kobold zombies (Ossuary)
  A leopard gecko skeleton (D:4)
  10 orc zombies (Ossuary)
  A quokka skeleton (D:7)
  A quokka zombie (D:7)
  9 rats
  2 rat zombies (Ossuary)
1306 creatures vanquished.

Vanquished Creatures (collateral kills)
  2 ironheart preservers
  An ogre mage (Vaults:1)
  2 naga warriors (Snake:4)
  8 anacondas (Snake:4)
  3 two-headed ogres
  3 death yaks (Lair:6)
  A deep troll shaman (Vaults:2)
  A deep troll earth mage (Vaults:2)
  An orc high priest (Orc:2)
  A shock serpent (Snake:4)
  A deep troll (Vaults:2)
  A naga ritualist (Snake:4)
  An ugly thing (Vaults:1)
  3 salamanders
  2 guardian serpents
  3 black mambas (Snake:4)
  A vault sentinel (Vaults:3)
  4 naga magi
  A rime drake (Lair:2)
  A demonic crawler (D:15)
  A troll (Orc:2)
  2 slime creatures (Vaults:3)
  A hornet (Vaults:3)
  A fire bat (shapeshifter) (Vaults:3)
  7 nagas
  A water moccasin (Lair:6)
  An orc warrior (D:10)
  5 ogres
  A wolf (Lair:2)
  A crocodile (Lair:6)
  9 killer bees (Lair:3)
  An orc priest (Orc:2)
  An orc wizard (Vaults:4)
  8 orcs
81 creatures vanquished.

Vanquished Creatures (others)
  A two-headed ogre (Vaults:4)
  A yaktaur (Vaults:2)
  An orc warrior (Vaults:1)
  An adder skeleton (D:10)
  8 fungi
  5 plants
17 creatures vanquished.

Grand Total: 1404 creatures vanquished

Notes
Turn   | Place    | Note
-------+----------+-------------------------------------------
     0 | D:1      | JNO the Minotaur Fighter began the quest for the Orb.
     0 | D:1      | Reached XP level 1. HP: 19/19 MP: 0/0
   189 | D:1      | Reached XP level 2. HP: 27/27 MP: 1/1
   782 | D:2      | Reached skill level 1 in Dodging
   782 | D:2      | Reached XP level 3. HP: 32/33 MP: 2/2
   805 | D:2      | Reached skill level 1 in Throwing
   850 | D:2      | Noticed Sigmund
   862 | D:2      | Killed Sigmund
   862 | D:2      | Reached XP level 4. HP: 35/40 MP: 3/3
   862 | D:2      | Reached XP level 5. HP: 40/46 MP: 4/4
   870 | D:2      | Found a bloodstained altar of Trog.
  1033 | D:2      | Found a deep blue altar of Sif Muna.
  1075 | D:2      | Noticed Jessica
  1083 | D:2      | Killed Jessica
  1083 | D:2      | Reached skill level 4 in Armour
  1322 | D:2      | Noticed Robin
  1414 | D:2      | Killed Robin
  1491 | D:2      | Reached XP level 6. HP: 52/52 MP: 5/5
  2715 | D:4      | Noticed Natasha
  2740 | D:4      | Killed Natasha
  2925 | D:4      | Noticed Natasha
  2930 | D:4      | Killed Natasha
  2956 | D:4      | Found a sand-covered staircase.
  2971 | Ossuary  | Entered an ossuary
  3069 | Ossuary  | Reached XP level 7. HP: 60/60 MP: 6/6
  3388 | Ossuary  | Reached skill level 5 in Fighting
  3423 | Ossuary  | Gained mutation: You are frail. (-10% HP) [potion of mutation]
  3423 | Ossuary  | Gained mutation: You are clumsy. (Dex -2) [potion of mutation]
  3423 | Ossuary  | Gained mutation: You are very frail. (-20% HP) [potion of mutation]
  3423 | Ossuary  | Gained mutation: You have sharp fingernails. [potion of mutation]
  3424 | Ossuary  | Lost mutation: You are clumsy. (Dex -2) [potion of mutation]
  3424 | Ossuary  | Lost mutation: You are very frail. (-20% HP) [potion of mutation]
  3424 | Ossuary  | Gained mutation: You are partially covered in yellow scales. (AC +2) [potion of mutation]
  3424 | Ossuary  | Gained mutation: You have sharp toenails. [potion of mutation]
  3467 | D:4      | Noticed Natasha
  3469 | D:4      | Reached skill level 5 in Armour
  3473 | D:4      | Killed Natasha
  3509 | D:4      | Reached skill level 5 in Shields
  3752 | D:4      | Reached XP level 8. HP: 62/62 MP: 7/7
  3996 | D:5      | Entered Level 5 of the Dungeon
  4131 | D:5      | Found a glowing silver altar of Zin.
  4159 | D:5      | Found an iron altar of Okawaru.
  4266 | D:5      | Found a basalt altar of Yredelemnul.
  4487 | D:5      | Found a shimmering altar of Xom.
  4498 | D:5      | Found a staircase to the Ecumenical Temple.
  4503 | Temple   | Entered the Ecumenical Temple
  4546 | Temple   | Became a worshipper of Elyvilon the Healer
  5330 | D:6      | Got an ebony mace
  5332 | D:6      | Identified the +6 mace of Uheball {drain, +Rage rN+} (You found it on level 6 of the Dungeon)
  5335 | D:6      | Fell from the grace of Elyvilon
  5445 | Temple   | Became a worshipper of Makhleb the Destroyer
  5548 | D:6      | Reached skill level 6 in Armour
  6180 | D:6      | Reached XP level 9. HP: 61/70 MP: 8/8
  6496 | D:6      | Reached skill level 5 in Throwing
  6617 | D:7      | Found a blossoming altar of Fedhas.
  6905 | D:7      | Reached skill level 7 in Armour
  6930 | D:7      | Reached * piety under Makhleb
  7124 | D:7      | Found a shadowy altar of Dithmenos.
  7145 | D:7      | Found a snail-covered altar of Cheibriados.
  7148 | D:7      | Found an ornate altar of the Wu Jian Council.
  7327 | D:7      | Noticed Menkaure
  7336 | D:7      | Killed Menkaure
  7894 | D:8      | Found a radiant altar of Vehumet.
  7894 | D:8      | Found a staircase to the Lair.
  8004 | D:8      | Found a shattered altar of Ashenzari.
  8142 | D:8      | Was forgiven by Elyvilon
  8320 | D:8      | Reached skill level 8 in Armour
  8328 | D:8      | Reached XP level 10. HP: 79/79 MP: 9/9
  8567 | D:8      | Reached ** piety under Makhleb
  9139 | D:9      | Found Jailamib's Distillery.
  9143 | D:9      | Bought a potion of heal wounds for 65 gold pieces
  9143 | D:9      | Bought a potion of might for 52 gold pieces
  9199 | D:9      | Noticed a two-headed ogre
  9213 | D:9      | Killed a two-headed ogre
  9213 | D:9      | Reached skill level 10 in Maces & Flails
  9213 | D:9      | Reached skill level 1 in Invocations
  9310 | D:9      | Found a stormy altar of Qazlal.
  9518 | D:9      | Reached skill level 9 in Armour
  9877 | Lair:1   | Entered Level 1 of the Lair of Beasts
 10201 | Lair:1   | Noticed Harold
 10217 | Lair:1   | Killed Harold
 10361 | Lair:1   | Noticed Erica
 10373 | Lair:1   | Killed Erica
 10528 | Lair:1   | Reached XP level 11. HP: 78/87 MP: 12/12
 10800 | Lair:2   | Noticed a four-headed hydra
 10811 | Lair:2   | Killed a four-headed hydra
 10838 | Lair:2   | Reached *** piety under Makhleb
 11221 | Lair:2   | Reached skill level 10 in Armour
 11671 | Lair:2   | Reached skill level 10 in Fighting
 11695 | Lair:2   | Reached skill level 10 in Shields
 11802 | Lair:2   | Noticed an oklob plant
 12054 | Lair:2   | Noticed an oklob plant
 12571 | Lair:2   | Noticed a seven-headed hydra
 12582 | Lair:2   | Killed a seven-headed hydra
 12582 | Lair:2   | Reached XP level 12. HP: 82/96 MP: 14/14
 12755 | Lair:3   | Got a pair of twisted boots
 12761 | Lair:3   | Identified the cursed +0 pair of boots of Filth {*Contam rElec Str+4 Int+4} (You found it on level 3 of the Lair of Beasts)
 12850 | Lair:3   | Noticed a death yak
 12909 | Lair:3   | Got a transparent leather armour
 12929 | Lair:3   | Identified the cursed +1 leather armour "Qase" {*Drain rN++ Int+5} (You found it on level 3 of the Lair of Beasts)
 13111 | Lair:3   | Reached **** piety under Makhleb
 13773 | Lair:3   | Reached skill level 5 in Dodging
 13846 | Lair:3   | Reached skill level 5 in Invocations
 14473 | Lair:3   | Killed a death yak
 14803 | Lair:4   | Found a staircase to the Snake Pit.
 14836 | Lair:4   | Reached ***** piety under Makhleb
 15389 | Lair:4   | Noticed a four-headed hydra
 15395 | Lair:4   | Killed a four-headed hydra
 15619 | Lair:4   | Found a staircase to the Shoals.
 15627 | Lair:4   | Reached XP level 13. HP: 102/102 MP: 17/17
 16313 | Lair:5   | Found a staircase to the Slime Pits.
 16314 | Lair:5   | Found a viscous altar of Jiyva.
 16536 | Lair:5   | Got a crude robe
 16554 | Lair:5   | Identified the +1 robe of the Hunter {rPois rC++ rCorr Dex-5} (You found it on level 5 of the Lair of Beasts)
 16805 | Lair:5   | Noticed Kirke
 16926 | Lair:5   | Killed Kirke
 17498 | D:10     | Entered Level 10 of the Dungeon
 17592 | D:10     | Noticed retryentry's ghost (journeyman DrTm)
 17686 | D:10     | Noticed Snorg
 17696 | D:10     | Killed Snorg
 17696 | D:10     | Reached skill level 11 in Armour
 17860 | D:10     | Found a stormy altar of Qazlal.
 18046 | D:10     | Got a fine plate armour
 18057 | D:10     | Identified the +5 plate armour "Wynt" {Int+4 Stlth+} (You found it on level 10 of the Dungeon)
 18175 | D:10     | Noticed Nergalle
 18185 | D:10     | Killed Nergalle
 18365 | D:10     | Killed retryentry's ghost
 19367 | D:11     | Found Gazxoex's Antique Weapon Emporium.
 19876 | D:11     | Noticed Urug
 19888 | D:11     | Killed Urug
 20508 | D:12     | Found a staircase to the Orcish Mines.
 20861 | D:12     | Found a portal to a secret trove of treasure.
 20998 | D:12     | Reached ****** piety under Makhleb
 21145 | D:12     | Noticed Gastronok
 21508 | D:13     | Reached XP level 14. HP: 112/112 MP: 19/19
 21615 | D:13     | Found a glowing golden altar of the Shining One.
 21645 | D:13     | Paralysed by an orc sorcerer for 5 turns
 21892 | D:13     | Noticed Erolcha
 21899 | D:13     | Killed Erolcha
 22078 | D:13     | Reached skill level 12 in Armour
 22278 | D:14     | Found a gate to the Vaults.
 22604 | D:14     | Reached skill level 10 in Throwing
 22704 | D:14     | Noticed Sonja
 22733 | D:14     | Killed Sonja
 23342 | D:14     | Gained mutation: You are agile. (Dex +2) [mutagenic meat]
 23348 | D:14     | Lost mutation: You are frail. (-10% HP) [mutagenic meat]
 23864 | Orc:1    | Entered Level 1 of the Orcish Mines
 24423 | Orc:1    | Found Xammo's Jewellery Emporium.
 24450 | Orc:1    | Bought the ring "Xoen" {rPois rF++ Str+4 Int-5} for 466 gold pieces
 24450 | Orc:1    | Bought the ring of Niom Xof {rElec MR+++ Str+2 Int-2 SInv} for 359 gold pieces
 24527 | Orc:2    | Entered Level 2 of the Orcish Mines
 24652 | Orc:2    | Found Muzxutei's Armour Shop.
 24810 | Orc:2    | Found a roughly hewn altar of Beogh.
 24989 | Orc:2    | Found a staircase to the Elven Halls.
 25374 | Orc:2    | Reached skill level 10 in Invocations
 25848 | Orc:2    | Found Sufuw's Jewellery Shoppe.
 25851 | Orc:2    | Found Ajuleoll's Antique Weapon Emporium.
 25851 | Orc:2    | Found Fajaurph's Antique Armour Shoppe.
 25852 | Orc:2    | Found Nyicwid's General Store.
 26028 | Orc:2    | Bought an uncursed ring of protection from cold for 275 gold pieces
 26456 | Lair:5   | Upgraded the game from 0.20-a0-739-g6bb112f to 0.20-a0-754-g13ddd6e
 26482 | Lair:6   | Entered Level 6 of the Lair of Beasts
 26622 | Lair:6   | Noticed Uberwunderbarhen's ghost (journeyman MiBe)
 26649 | Lair:6   | Killed Uberwunderbarhen's ghost
 26649 | Lair:6   | Reached XP level 15. HP: 89/134 MP: 21/21
 27523 | Snake:1  | Entered Level 1 of the Snake Pit
 28266 | Snake:1  | Identified a scroll of acquirement
 28822 | Snake:2  | Noticed Jorgrun
 28835 | Snake:2  | Killed Jorgrun
 29018 | Snake:2  | Noticed Roxanne
 30107 | Snake:3  | Noticed a nagaraja
 30123 | Snake:3  | Killed a nagaraja
 30550 | Snake:4  | Entered Level 4 of the Snake Pit
 30635 | Snake:4  | Reached XP level 16. HP: 147/147 MP: 23/23
 30996 | Snake:4  | Reached skill level 15 in Shields
 31212 | Snake:4  | Gained mutation: Your spells are a little easier to cast, but a little less powerful. [a cacodemon]
 31215 | Snake:4  | Gained mutation: Armour fits poorly on your strangely shaped body. [a cacodemon]
 31222 | Snake:4  | HP: 7/147 [poisoned by a green death (bolt of poison)]
 31731 | Snake:4  | Reached skill level 15 in Fighting
 31971 | Snake:4  | Reached skill level 13 in Armour
 32779 | Snake:4  | Reached skill level 14 in Armour
 33097 | Snake:4  | Reached skill level 10 in Dodging
 33151 | Snake:4  | Reached skill level 1 in Evocations
 33733 | Snake:4  | Lost intelligence.
 33747 | Snake:4  | Reached XP level 17. HP: 94/156 MP: 25/25
 33754 | Snake:4  | Reached skill level 15 in Armour
 34311 | Snake:4  | Got a serpentine rune of Zot
 34891 | D:12     | Killed Gastronok
 34891 | D:12     | Reached skill level 5 in Evocations
 34982 | D:15     | Entered Level 15 of the Dungeon
 35178 | D:15     | Gained mutation: You are partially covered in rugged brown scales. (AC +1, +3% HP) [mutagenic meat]
 35747 | D:15     | Found Tepuoh's Book Shop.
 35814 | D:15     | Found a staircase to the Depths.
 36138 | D:15     | Reached skill level 16 in Armour
 36272 | Vaults:1 | Entered Level 1 of the Vaults
 36341 | Vaults:1 | Noticed Nikola
 36359 | Vaults:1 | Killed Nikola
 38016 | Vaults:1 | Found a stormy altar of Qazlal.
 38126 | Vaults:1 | Gained mutation: Your spells are easier to cast, but less powerful. [a neqoxec]
 38129 | Vaults:1 | Gained mutation: You are frail. (-10% HP) [a neqoxec]
 38131 | Vaults:1 | Gained mutation: Your magical capacity is low. (-10% MP) [a neqoxec]
 38196 | Vaults:1 | Reached XP level 18. HP: 151/151 MP: 23/23
 38346 | Vaults:2 | Reached skill level 10 in Evocations
 38932 | Vaults:2 | Gained mutation: You are very frail. (-20% HP) [a cacodemon]
 39598 | Vaults:2 | Found a staircase to the Crypt.
 39741 | Vaults:2 | Upgraded the game from 0.20-a0-754-g13ddd6e to 0.20-a0-785-g17250f0
 40868 | Vaults:3 | Reached skill level 17 in Armour
 41086 | Vaults:3 | Reached XP level 19. HP: 142/142 MP: 24/24
 41752 | Vaults:4 | Got a slimy robe
 41763 | Vaults:4 | Identified the +1 robe of Pride {*Slow Regen+ Str+5} (You found it on level 4 of the Vaults)
 42485 | Vaults:4 | Reached skill level 18 in Armour
 43012 | Vaults:4 | Found Waplodumn's Antique Weapon Shop.
 43039 | Vaults:4 | Noticed a lich
 43067 | Vaults:4 | HP: 5/146 [vault warden/halberd (9)]
 43072 | Vaults:4 | Slain by a vault warden

Vault maps used:
D:1:      zaba_arrival_water
D:2:      old_standard_altar, kennysheep_cross_room, grunt_ministairs_12,
          minmay_item_behind_shaft, led_sif_pool, uniq_sigmund, uniq_jessica,
          uniq_robin
D:3:      first_bread, kennysheep_potato
D:4:      lightli_ossuary_entry_decrepit_ruins, kennysheep_another_room,
          st_stairs_12, uniq_natasha
D:5:      xom_butterflies, old_standard_altar, old_standard_altar,
          minmay_temple_entry_butterflies, yredelemnul_altar_generic
D:7:      old_standard_altar, grunt_temple_overflow_diamond, uniq_menkaure
D:8:      vehumet_altar_wand_db, evilmike_ruin_ashenzari, lair_entry_dummy,
          grunt_livestock
D:9:      cheibrodos_iron_armory, nicolae_overflow_crystal_walls, serial_shops,
          shop
D:10:     grunt_ministairs_11, grunt_qazlal_clouds, uniq_nergalle, uniq_snorg
D:11:     serial_shops, shop, uniq_urug
D:12:     orc_0_dummy, enter_trove_3, uniq_gastronok
D:13:     special_room, minmay_variable_closet, tso_metal_star, uniq_erolcha
D:14:     erik_vaults_1, minmay_misc_feat_ornament, uniq_sonja
D:15:     hangedman_depths_entry_civil_slaughter, minmay_stone_trees_small,
          serial_shops, shop_statue, einodemon_crawler_minivault
Temple:   nicolae_temple_figure_zero
Lair:1:   serial_bayou_crossing, uniq_erica, uniq_harold
Lair:2:   grunt_forest_stairs_clearing, grunt_megastairs_5,
          minmay_lair_oklob_chamber, infiniplex_staircase_pool_2,
          lemuel_fruit_tree
Lair:3:   nicolae_volcano_entry_lava_flow, special_room, beast_lair_carwin_2,
          infiniplex_staircase_pool, serial_bayou_shore_b
Lair:4:   pond_and_an_island_with_a_cottage, elwin_shoals_entry_stream,
          minmay_snake_entry_guardpost_small
Lair:5:   slime_altar_1, serial_bayou_pond_d, lemuel_fruit_fields, uniq_kirke
Lair:6:   due_jungle_book
Snake:2:  serial_bayou_shore_b, uniq_roxanne, uniq_jorgrun
Snake:4:  snake_pit_salamanders_mu, minmay_snake_pond
Orc:1:    serial_shops, nicolae_shop_behind_doors
Orc:2:    st_orc_pillars, serial_shops, shop, mines1_david
Vaults:1: vaults_room_stairs_pillars, nicolae_vaults_network_square,
          nicolae_vaults_border_crossing, nicolae_vaults_specimen_jars,
          v_misc_23, v_misc_12, nicolae_vaults_statue_guard,
          dpeg_vaults_monster_box, basic_altar, uniq_nikola
Vaults:2: ontoclasm_vaults_shout, minmay_crypt_entry_simple_walls,
          nicolae_vaults_little_squares_4, v_misc_4, v_alt_pattern_4,
          vaults_dpeg_diagonal, ontoclasm_vaults_gateway,
          nicolae_vaults_angled_halls, nicolae_vaults_three_branches,
          vaults_dpeg_ring, hangedman_vaults_capsules, hangedman_vaults_trim,
          vaults_room_grid, v_misc_27, nicolae_vaults_little_squares_4
Vaults:3: vaults_room_pools, vaults_room_pool, ontoclasm_vaults_shuriken,
          ontoclasm_vaults_fault, vaults_room_door_hall,
          nicolae_vaults_little_ls, ontoclasm_vaults_pinch,
          ontoclasm_vaults_decontamination, v_misc_1, v_misc_5,
          nicolae_vaults_little_squares_2, nicolae_vaults_big_angled_halls,
          v_misc_15, ontoclasm_vaults_eye
Vaults:4: ontoclasm_vaults_loading_screen, hangedman_vaults_nodes,
          ontoclasm_vaults_twist, nicolae_vaults_octagons, v_rooms_2, v_misc_26,
          nicolae_vaults_yaktaur_gun_rack, vaults_dpeg_spiral,
          vaults_standard_mumra_lines, ontoclasm_vaults_loading_screen,
          serial_shops, nicolae_shop_behind_doors
Ossuary:  ossuary_tomb_1

Skill      XL: |  1  2  3  4  5  6  7  8  9 10 11 12 13 14 15 16 17 18 19 |
---------------+----------------------------------------------------------+-----
Maces & Flails | 3 6 7 8 9 10 11 13 14 | 14.0
Dodging        | 1 7 9 10 | 10.0
Throwing       | 1 2 3 4 6 7 8 9 10 11 12 14 | 14.1
Fighting       | 4 5 6 8 9 10 11 12 14 15 17 | 17.3
Armour         | 4 5 6 8 9 10 11 12 14 16 17 18 | 18.3
Shields        | 4 5 6 7 9 10 11 13 14 15 | 15.0
Invocations    | 3 4 6 8 10 11 12 | 12.3
Evocations     | 3 9 12 | 12.4

Action                   |  1- 3 |  4- 6 |  7- 9 | 10-12 | 13-15 | 16-18 | 19-21 || total
-------------------------+-------+-------+-------+-------+-------+-------+-------++-------
Melee: Flail             |    80 |   186 |   235 |       |       |       |       ||   501
       Headbutt          |     9 |    30 |    62 |   100 |   448 |   659 |   236 ||  1544
       Kick              |       |       |    96 |   104 |       |       |       ||   200
       Mace              |       |       |   196 |   535 |  1396 |  1685 |   611 ||  4423
       Unarmed           |       |       |       |       |     1 |       |       ||     1
Throw: Stone             |       |    18 |    71 |   195 |   238 |       |       ||   522
       Throwing net      |       |       |       |     1 |     8 |       |       ||     9
       Tomahawk          |       |       |       |       |   103 |    55 |     6 ||   164
       Javelin           |       |       |       |       |     4 |       |       ||     4
Invok: Renounce Religion |       |       |     1 |       |       |       |       ||     1
       Lesser Servant of |       |       |       |     2 |     6 |    35 |     2 ||    45
       Greater Servant o |       |       |       |       |     4 |     7 |     1 ||    12
       Major Destruction |       |       |       |       |       |     1 |     1 ||     2
 Abil: Evoke Berserk Rag |       |       |     5 |     1 |       |       |     1 ||     7
Evoke: Wand              |       |       |       |       |     4 |     6 |     2 ||    12
       Box of beasts     |       |       |       |       |       |     1 |       ||     1
  Use: Scroll            |       |     9 |    11 |    15 |     6 |    12 |     3 ||    56
       Potion            |       |       |     3 |     9 |     9 |    16 |     5 ||    42
 Stab: Distracted        |       |       |       |       |     6 |     7 |     1 ||    14
  Eat: Chunk             |       |     7 |    10 |    17 |    43 |    32 |     8 ||   117
       Royal jelly       |       |       |     3 |       |       |     1 |       ||     4
       Bread ration      |       |       |     2 |     3 |     2 |     2 |       ||     9
       Meat ration       |       |       |       |     1 |     1 |       |       ||     2
Armor: Scale mail        |    42 |    66 |   118 |     3 |       |       |       ||   229
       Plate armour      |       |       |       |    28 |   386 |   478 |   188 ||  1080
       Ring mail         |       |       |       |   105 |    32 |       |       ||   137
       Skin              |       |       |       |       |       |    71 |       ||    71
Dodge: Dodged            |    25 |    51 |    96 |   177 |   358 |   601 |   204 ||  1512
Block: Shield            |    38 |    91 |   197 |   426 |   725 |  1221 |   488 ||  3186
